 Dungeon Crawl Stone Soup version bcrawl-1.31.4 (webtiles) character file.

Game seed: 14365429696819128076

156991 Morbidden the Insei (level 5, 0/30 HPs)
             Began as a Vine Stalker Transmuter on May 28, 2021.
             Killed by divine providence
             ... invoked by an orc priest
              (11 damage)
             ... on level 3 of the Dungeon.
             The game lasted 00:04:45 (2512 turns).

Morbidden the Insei (Vine Stalker Transmuter)       Turns: 2512, Time: 00:04:46

Health: 0/30       AC:  2    Str: 12    XL:     5   Next: 68%
Magic:  8/10       EV: 21    Int: 18    God:
Gold:   166        SH:  0    Dex: 20    Spells: 4/10 levels left

rFire    . . .     SeeInvis .     - Fangs (venom) (9.7)
rCold    . . .     Gourm    .   (shield currently unavailable)
rNeg     . . .     Faith    .   (armour currently unavailable)
rPois    x         Spirit   .   (helmet currently unavailable)
rElec    .         Reflect  .   (cloak currently unavailable)
rCorr    .         Harm     .   (gloves currently unavailable)
MR       .....                  (boots currently unavailable)
Stlth    ++........             (no amulet)
HPRegen  0.50/turn              p - +4 ring of intelligence
MPRegen  0.12/turn              (no ring)

@: spider-form
A: tiny, regeneration 1, no potion heal 3, rot immunity
a: End Transformation


You were on level 3 of the Dungeon.
You were not hungry.
You were a venomous arachnid creature.
You visited 1 branch of the dungeon, and saw 4 of its levels.

You collected 166 gold pieces.

Inventory:

Missiles
 a - 253 arrows
Armour
 b - a +0 robe (melded)
 f - a +0 helmet (melded)
Jewellery
 p - a +4 ring of intelligence (left front leg)
Scrolls
 g - a scroll of remove curse {unknown}
 i - 2 scrolls of identify
 j - 4 scrolls of teleportation {unknown}
 o - a scroll of enchant armour {unknown}
Potions
 d - a potion of lignification
 h - a potion of curing {unknown}
 k - 2 potions of resistance
 l - a potion of haste {unknown}
 m - a potion of heal wounds {unknown}
 n - a potion of mutation {unknown}
 q - a potion of flight {unknown}
Comestibles
 c - 2 chunks of flesh
 e - 2 rations {!d}


   Skills:
 * Level 2.2 Fighting
 + Level 2.6 Dodging
 + Level 1.1 Stealth
 + Level 3.8 Unarmed Combat
 * Level 3.0 Spellcasting
 * Level 3.2 Transmutations
 * Level 1.2 Poison Magic


You had 4 spell levels left.
You knew the following spells:

 Your Spells              Type           Power        Failure   Level  Hunger
a - Beastly Appendage     Tmut           ##....       13%         1    None
b - Sticks to Snakes      Tmut           ##......     17%         2    #......
c - Spider Form           Tmut/Pois      ##.          38%         3    ####...

Your spell library contained the following spells:

 Spells                   Type           Power        Failure   Level  Hunger
 Passwall                 Tmut/Erth      #.......     30%         2    #......
 Ice Form                 Ice/Tmut       #.......     82%         4    #####..
 Blade Hands              Tmut           ##........   89%         5    ######.


Dungeon Overview and Level Annotations

Branches:
Dungeon (4/12)
 Temple: D:4-7

Altars:
Lugonu
Xom


Innate Abilities, Weirdness & Mutations

((You have extremely sharp teeth.))
Your natural rate of healing is unusually fast.
Potions cannot restore your health.
You are immune to rotting.
((Your bites deal extra damage.))


Message History

You hit the orc.
The orc is poisoned.
The orc is heavily wounded.
You hit the orc.
The orc is poisoned.
The orc is severely wounded.
The orc closely misses you. The orc hits you but does no damage.
You hit the orc but do no damage.
The orc looks more poisoned.
The orc is severely wounded.
The orc completely misses you. The orc misses you.
No path to travel!
You hit the orc.
You kill the orc! x2
No path to travel!
The orc priest calls down the wrath of Beogh upon you.
Pain shoots through your body!
Items here: )) [[ † a +0 club; a +0 leather armour; a +0 flail; a +0 leather armour; an orc corpse You barely miss the orc priest.
The orc priest calls down the wrath of Beogh upon you.
Beogh smites you!
You die...

#.. ##### #.#
#.s)# #.#
#o#.##### #.#
#.#.....# #.#
#.#####.# #.#
.. #.#
######)# .)
#.# #...##.#
... #.#
#...##.# ...
#.####...##.#
#.#......)...


You could see an orc priest.

Vanquished Creatures
  A crimson imp (D:3)
  An orc priest (D:3)
  A worker ant (D:3)
  2 oozes
  6 worms
  3 dart slugs
  3 leopard geckos
  3 orcs
  2 giant cockroaches (D:1)
  6 goblins
  11 hobgoblins
  6 jackals (D:2)
  2 quokkas
  2 ball pythons
  2 bats (D:1)
  5 frilled lizards
  5 kobolds
  5 rats
66 creatures vanquished.

Vanquished Creatures (collateral kills)
  2 jackals (D:2)
2 creatures vanquished.

Grand Total: 68 creatures vanquished

Notes
Turn   | Place    | Note
-------+----------+-------------------------------------------
     0 | D:1      | Morbidden the Vine Stalker Transmuter began the quest for
                  | the Orb.
     0 | D:1      | Reached XP level 1. HP: 11/11 MP: 4/4
    97 | D:1      | Reached skill level 1 in Fighting
    97 | D:1      | Reached XP level 2. HP: 11/16 MP: 4/6
   263 | D:1      | Reached XP level 3. HP: 17/21 MP: 7/7
   271 | D:1      | Learned a level 2 spell: Sticks to Snakes
   275 | D:1      | Learned a level 3 spell: Spider Form
   856 | D:2      | Found a faded altar of an unknown god.
   978 | D:2      | Reached XP level 4. HP: 26/26 MP: 5/8
  1502 | D:2      | Found a corrupted altar of Lugonu.
  1637 | D:3      | Found a shimmering altar of Xom.
  1646 | D:3      | Found a shimmering altar of Xom.
  1665 | D:3      | Found a shimmering altar of Xom.
  1767 | D:3      | Reached skill level 1 in Stealth
  1848 | D:3      | Reached skill level 1 in Poison Magic
  1848 | D:3      | Reached XP level 5. HP: 27/30 MP: 10/10
  2160 | D:4      | Noticed a sky beast
  2512 | D:3      | Killed from afar by an orc priest

Skill      XL: |  1  2  3  4  5 |
---------------+----------------+-----
Fighting       | 1 2 |  2.2
Stealth        | 1 |  1.1
Transmutations | 3 |  3.2
Poison Magic   | 1 |  1.2
Spellcasting   | 3 |  3.0
Dodging        | |  2.6
Unarmed Combat | |  3.8

Action                   |  1- 3 |  4- 6 || total
-------------------------+-------+-------++-------
Melee: Unarmed           |   150 |   111 ||   261
       Kick              |    16 |    14 ||    30
       Bite              |    10 |    11 ||    21
       Punch             |     2 |     1 ||     3
 Cast: Beastly Appendage |    19 |    10 ||    29
       Sticks to Snakes  |     1 |     6 ||     7
       Spider Form       |       |     2 ||     2
  Use: Scroll            |     1 |     1 ||     2
 Stab: Sleeping          |     1 |     2 ||     3
  Eat: Chunk             |     4 |     9 ||    13
Armor: Robe              |    23 |    12 ||    35
Dodge: Dodged            |   106 |    64 ||   170
